 Dungeon Crawl Stone Soup version 0.31.0-4-g52a2dc7128 (webtiles) character file.

Game seed: 16236361180211644886

2033 PaiMei the Purveyor of Pain (level 9, -4/67 (68) HPs)
             Began as a Demonspawn Necromancer on Jan 22, 2024.
             Was an Initiate of Kikubaaqudgha.
             Slain by a +1 spectral quarterstaff (13 damage)
             ... created by Joseph
             ... on level 7 of the Dungeon.
             The game lasted 00:08:59 (8188 turns).

PaiMei the Purveyor of Pain (DsNe)                  Turns: 8188, Time: 00:09:00

HP:   -4/67 (68)    AC:  4    Str:  9    XL:     9   Next: 3%
MP:   6/17          EV: 14    Int: 19    God:    Kikubaaqudgha [......]
Gold: 284           SH:  4    Dex: 14    Spells: 11/19 levels left

rFire   . . .        c - +3 spear (venom)
rCold   . . .        (no shield)
rNeg    . . .        a - +0 robe
rPois   .            (helmet restricted)
rElec   .            H - +0 cloak
rCorr   .            (no gloves)
SInv    .            q - +0 pair of boots
Will    .....        (no amulet)
Stlth   ++           (no ring)
HPRegen 0.31/turn    (no ring)
MPRegen 0.15/turn

%: no passive effects
@: lightly drained
A: antennae 1, spiny 1, condensation shield
a: Renounce Religion


You were on level 7 of the Dungeon.
You worshipped Kikubaaqudgha.
Kikubaaqudgha was noncommittal.
You visited 2 branches of the dungeon, and saw 8 of its levels.

You collected 284 gold pieces.

Inventory:

Hand Weapons
 c - a +3 spear of venom (weapon)
 v - a +2 dagger of draining
Missiles
 m - 3 atropa-tipped darts (quivered)
 t - 5 curare-tipped darts
 y - 5 poisoned darts
Armour
 a - a +0 robe (worn)
 q - a +0 pair of boots (worn)
 H - a +0 cloak (worn)
Jewellery
 f - a +6 ring of dexterity
 g - a ring of ice
 u - a +4 ring of protection
 G - a +6 ring of intelligence
Talismans
 x - a flux talisman
Wands
 p - a wand of iceblast (9)
 C - a wand of flame (14)
 J - a wand of light (10)
Scrolls
 d - 4 scrolls of noise
 e - 3 scrolls of identify
 i - a scroll of blinking {unknown}
 n - 2 scrolls of teleportation
 r - a scroll of fear {unknown}
 w - 2 scrolls of vulnerability {unknown}
 B - 2 scrolls of enchant armour {unknown}
 D - a scroll of amnesia {unknown}
 E - a scroll of immolation {unknown}
 K - a scroll of silence {unknown}
Potions
 b - a potion of magic
 h - a potion of resistance {unknown}
 j - a potion of attraction {unknown}
 k - 2 potions of curing {unknown}
 l - a potion of lignification {unknown}
 o - 2 potions of experience {unknown}
 s - 2 potions of mutation {unknown}
 z - a potion of invisibility {unknown}
 A - a potion of might {unknown}
 F - a potion of berserk rage {unknown}
 I - a potion of enlightenment {unknown}


   Skills:
 + Level 5.5 Fighting
 + Level 5.6 Dodging
 - Level 2.1 Stealth
 + Level 5.7 Spellcasting
 + Level 7.9 Necromancy


You had 11 spell levels left.
You knew the following spells:

 Your Spells              Type           Power      Damage    Failure   Level
a - Necrotise             Necr           100%       1d9       1%          1
b - Vampiric Draining     Necr           35%        2d8       1%          3
c - Animate Dead          Necr           35%        N/A       4%          4

Your spell library contained the following spells:

 Spells                   Type           Power      Damage    Failure   Level
 Magic Dart               Conj           20%        1d4       12%         1
 Curse of Agony           Necr           35%        N/A       12%         5
 Blink                    Tloc           10%        N/A       17%         2
 Ensorcelled Hibernation  Hex/Ice        10%        N/A       17%         2
 Jinxbite                 Hex            10%        N/A       17%         2
 Lesser Beckoning         Tloc           10%        N/A       17%         2
 Momentum Strike          Conj/Tloc      10%        3d8       17%         2
 Searing Ray              Conj           10%        2d4       17%         2
 Passwall                 Erth           5%         N/A       34%         3
 Swiftness                Air            5%         N/A       34%         3
 Fulminant Prism          Conj/Alch      2%         3d5       75%         4
 Yara's Violent Unravell  Hex/Alch       2%         3d3       97%         5
 Enfeeble                 Hex            2%         N/A       100%        7
 Chain Lightning          Conj/Air       2%         3d3       100%        9
 Fire Storm               Conj/Fire      2%         8d1       100%        9
 Shatter                  Erth           2%         3d6*      100%        9


Dungeon Overview and Level Annotations

Branches:
Dungeon (7/15)             Temple (1/1) D:6

Altars:
Ashenzari
Cheibriados
Dithmenos
Gozag
Hepliaklqana
Kikubaaqudgha
Makhleb
Nemelex Xobeh
Okawaru
Qazlal
Ru
Sif Muna
Trog
Uskayaw
Vehumet
Wu Jian
Xom
Yredelemnul

Shops:
D:3 *   D:5 (

Annotations:
D:6 3 runed translucent doors, DoNotCum's ghost, novice MiBe; Nick1's ghost, novice FoFi
D:7 Joseph


Innate Abilities, Weirdness & Mutations

You have a pair of small antennae on your head.
You are partially covered in sharp spines.
A meltable shield of frost defends you. (SH +4)


Message History

Joseph is nearby!
Joseph shoots a sling bullet.
The sling bullet barely misses you.
You start resting.
You sense a monster nearby.
You start resting.
Your orc skeleton hits Joseph but does no damage.
Joseph says, "No trespassing is allowed here."
Joseph shoots a sling bullet.
The sling bullet hits your orc skeleton!
Your orc skeleton is destroyed!
Joseph unwields a +0 sling.
Joseph wields a +1 spectral quarterstaff.
Joseph is struck by your spines.
Joseph hits you with a +1 spectral quarterstaff!
The +1 spectral quarterstaff hits you.
A +1 spectral quarterstaff comes into view.
Casting: Necrotise (safe; 1% risk of failure)
Confirm with . or Enter, or press ? or * to list all spells.
Aiming: Vampiric Draining (safe; 1% risk of failure)
Press: ? - help, Shift-Dir - straight line, f - Joseph
Aim: Joseph, wielding a +1 spectral quarterstaff and wearing a +0 leather armour (lightly wounded)
You draw life force from Joseph!
You feel life coursing into your body.
Joseph hits you with a +1 spectral quarterstaff!
The +1 spectral quarterstaff hits you!
You barely miss Joseph.
Joseph is lightly wounded.
Joseph closely misses you. The +1 spectral quarterstaff hits you!
* * * LOW HITPOINT WARNING * * *
Casting: Vampiric Draining (safe; 1% risk of failure)
Confirm with . or Enter, or press ? or * to list all spells.
Aiming: Vampiric Draining (safe; 1% risk of failure)
Press: ? - help, Shift-Dir - straight line, f/p - Joseph
Aim: Joseph, wielding a +1 spectral quarterstaff and wearing a +0 leather armour (lightly wounded)
You draw life force from Joseph!
You feel life coursing into your body. Joseph is struck by your spines.
Joseph hits you with a +1 spectral quarterstaff!
* * * LOW HITPOINT WARNING * * *
The +1 spectral quarterstaff hits you!
You die...
Kikubaaqudgha rasps: "You have failed me!
Welcome... death!"

##.#. .....
#........# #.#
..... #........#
#.#
.@....#........#
#.#
.....)#.#.....#
#.#
......Z....>..##
#c# #))......#
#.# ##.......#
#.#
######@......#
###.#
#..>.@(.....##
..#.#
#.####.#...##
#...##### #.#
#.#####
##..#.).# #..
#.# #....#.# ..
#)# ##..###.# .#
#.# .....##.##.#
#.# .#.#..#.#<.#
#.# .#.##...†.##
#.#


You could see Joseph and a +1 spectral quarterstaff.

Vanquished Creatures
  Sigmund (D:4)
  A steam dragon (D:6)
  4 water moccasins
  A sky beast (D:7)
  3 black bears
  An ice beast (D:5)
  An ogre (D:6)
  A centaur (D:7)
  A scorpion (D:4)
  2 bombardier beetles
  An orc priest (D:7)
  3 jellies
  5 hounds
  A sleepcap (D:7)
  An iguana (D:5)
  2 orc wizards
  3 gnolls (D:5)
  6 adders
  A white imp (D:5)
  7 dart slugs
  2 ribbon worms (D:2)
  20 orcs
  3 ball pythons
  12 endoplasms
  6 giant cockroaches
  13 goblins
  3 hobgoblins
  3 jackals (D:3)
  4 quokkas
  5 bats
  6 frilled lizards
  7 kobolds
  5 rats
135 creatures vanquished.

Vanquished Creatures (collateral kills)
  An endoplasm (D:3)
  A ball python (D:4)
2 creatures vanquished.

Grand Total: 137 creatures vanquished

Notes
Turn   | Place    | Note
-------+----------+-------------------------------------------
     0 | D:1      | PaiMei the Demonspawn Necromancer began the quest for the
                  | Orb.
     0 | D:1      | Reached XP level 1. HP: 13/13 MP: 3/3
   241 | D:1      | Gained mutation: You have a pair of small antennae on your
                  | head. [demonic ancestry]
   241 | D:1      | Reached XP level 2. HP: 19/19 MP: 1/5
   732 | D:1      | Reached XP level 3. HP: 25/25 MP: 2/6
   926 | D:2      | Found a faded altar of an unknown god.
  1021 | D:2      | Identified the +0 robe of Illutixkus {-Cast Str+9}
  1467 | D:2      | Reached skill level 1 in Fighting
  1683 | D:2      | Reached XP level 4. HP: 31/32 MP: 5/7
  2022 | D:2      | Reached skill level 5 in Necromancy
  2103 | D:3      | Found Zin's Purification Station.
  2117 | D:3      | Noticed a +0 falchion
  2117 | D:3      | Noticed a +0 short sword
  2118 | D:3      | Noticed a +0 dagger
  2118 | D:3      | Noticed a +0 dagger
  2118 | D:3      | Noticed a +0 spear
  2118 | D:3      | Noticed a +0 falchion
  2118 | D:3      | Noticed a +0 short sword
  2118 | D:3      | Noticed a +0 spear
  2122 | D:3      | Found a hide-covered altar of Uskayaw.
  2728 | D:3      | Reached XP level 5. HP: 38/38 MP: 7/9
  3118 | D:4      | Noticed a black bear
  3231 | D:4      | Learned a level 3 spell: Vampiric Draining
  3754 | D:4      | Noticed a black bear
  3761 | D:4      | Killed a black bear
  3762 | D:4      | Gained mutation: You are partially covered in sharp spines.
                  | [demonic ancestry]
  3762 | D:4      | Reached XP level 6. HP: 13/46 MP: 2/11
  4020 | D:4      | Noticed Sigmund
  4031 | D:4      | Killed Sigmund
  4032 | D:4      | Reached skill level 6 in Necromancy
  4032 | D:4      | Reached XP level 7. HP: 40/52 MP: 1/12
  4751 | D:5      | Entered Level 5 of the Dungeon
  5144 | D:5      | Learned a level 4 spell: Animate Dead
  5148 | D:5      | Found a snail-covered altar of Cheibriados.
  5360 | D:5      | Found a shimmering altar of Xom.
  5739 | D:5      | Reached XP level 8. HP: 56/60 MP: 10/14
  5778 | D:5      | Found a burning altar of Makhleb.
  5778 | D:5      | Found a basalt altar of Yredelemnul.
  6026 | D:5      | Found Ecvaha's Weapon Emporium.
  6153 | D:6      | Found a staircase to the Ecumenical Temple.
  6637 | D:6      | Reached skill level 7 in Necromancy
  6780 | D:6      | Reached skill level 5 in Spellcasting
  6834 | D:6      | Found a runed translucent gate.
  6834 | D:6      | Found a runed translucent gate.
  6835 | D:6      | Found a runed translucent gate.
  6845 | D:6      | Reached skill level 5 in Dodging
  7120 | D:6      | Noticed DoNotCum's ghost (novice MiBe)
  7120 | D:6      | Noticed Nick1's ghost (novice FoFi)
  7218 | Temple   | Entered the Ecumenical Temple
  7254 | Temple   | Became a worshipper of Kikubaaqudgha
  7334 | D:7      | Reached skill level 5 in Fighting
  7572 | D:7      | Noticed Joseph
  7573 | D:7      | Noticed a rust devil
  7576 | D:7      | Noticed a rust devil
  7986 | D:7      | Gained mutation: A meltable shield of frost defends you.
                  | (SH +4) [demonic ancestry]
  7986 | D:7      | Reached XP level 9. HP: 65/68 MP: 9/17
  8188 | D:7      | Slain by a +1 spectral quarterstaff

Illustrated notes

Levels and vault maps discovered:
D:1:      dpeg_arrival_refuge, layout_rooms, minmay_split_cup_small
D:2:      layout_basic, basic_altar, basic_ecumenical_altar
D:3:      layout_basic, zin_purify, nicolae_uskayaw_en_pointe
D:4:      layout_basic, minmay_misc_feat_cross, corexii_shack,
          grunt_decor_arrowhead, minmay_misc_feat_columns, uniq_sigmund
D:5:      layout_rooms, kennysheep_slug_shrine, lemuel_tele_altar,
          gammafunk_temple_overflow_pools, serial_shops,
          nicolae_shop_real_fake_doors, kennysheep_generic_room_12
D:6:      layout_loops_ring, minmay_temple_entry_sparse_star,
          gammafunk_ghost_cemetery
D:7:      cheibrodos_iron_armory, layout_rooms, uniq_duvessa, uniq_joseph
Temple:   regret_index_temple_generic_petals

Skill      XL: |  1  2  3  4  5  6  7  8 |
---------------+-------------------------+-----
Stealth        | 2 |  2.1
Dodging        | 2 3 4 5 |  5.6
Fighting       | 1 2 3 4 5 |  5.5
Necromancy     | 5 6 7 |  7.9
Spellcasting   | 3 4 5 |  5.7

Action                     |  1- 3 |  4- 6 |  7- 9 || total
---------------------------+-------+-------+-------++-------
  Melee: Spear             |    25 |    14 |    24 ||    63
         Punch             |       |     1 |       ||     1
   Cast: Necrotise         |    71 |    91 |   106 ||   268
         Vampiric Draining |       |     3 |    21 ||    24
    Use: Scroll            |       |       |     3 ||     3
 Armour: Robe              |    11 |    23 |    49 ||    83
  Dodge: Dodged            |    17 |    48 |    44 ||   109
